 Dungeon Sprint DCSS version 0.17-a0-1324-ga541562 (webtiles) character file.

135 Kidiri the Sneak (level 4, -1/23 HPs)
             Began as a Spriggan Enchanter on June 9, 2015.
             Slain by a shadow (12 damage)
             ... in the Dungeon (Sprint III: "The Ten Rune Challenge").
             The game lasted 00:03:25 (944 turns).

Kidiri the Sneak (Spriggan Enchanter)                Turns: 944, Time: 00:03:25

Health: -1/23      AC:  3    Str:  4    XL:     4   Next: 97%
Magic:  3/12       EV: 22    Int: 16    God:
Gold:   27         SH:  0    Dex: 17    Spells: 5 memorised, 2 levels left

rFire  . . .     SeeInvis +     a - +1 dagger
rCold  . . .     Clarity  .     b - +1 robe
rNeg   . . .     SustAt   .     (shield restricted)
rPois  +         Gourm    .     (helmet restricted)
rElec  .         Spirit   .     (no cloak)
rCorr  .         Warding  .     (gloves unavailable)
rMut   .         NoTele   +     (boots unavailable)
MR     .....                    (no amulet)
Stlth  ++++......               (no ring)
                                (no ring)

@: very quick, not resistant to hostile enchantments, stealthy
A: unfitting armour, hooves 1, see invisible, herbivore 3, speed 3, poison
resistance, slow metabolism 2
a: no special abilities


You were in the Dungeon.
You were not hungry.

You visited 1 branch You collected 27 gold pieces.

Inventory:

Hand weapons
 a - a +1 dagger (weapon)
Armour
 b - a +1 robe (worn)
Magical devices
 k - a wand of confusion (47)
Scrolls
 j - a scroll of blinking
 o - a scroll of remove curse
Potions
 e - a potion of curing
 f - a potion of heal wounds
 g - a potion of haste
 h - 2 potions of magic
 q - a potion of cure mutation {unknown}
 r - a potion of invisibility {unknown}
 u - a potion of brilliance {unknown}
 v - a potion of flight {unknown}
Books
 c - a book of Maledictions

   Spells                             Type                      Level
   a - Corona                         Hexes                        1
   b - Ensorcelled Hibernation        Hexes/Ice                    2
   c - Confuse                        Hexes                        3
   d - Tukima's Dance                 Hexes                        3
   e - Dazzling Spray                 Conjuration/Hexes            3
Comestibles
 d - a bread ration
 p - 2 royal jellies


   Skills:
 + Level 2.2 Fighting
 * Level 4.5 Short Blades
 * Level 6.8 Dodging
 * Level 7.8 Stealth
 * Level 5.7 Spellcasting
 + Level 0.3 Conjurations
 + Level 5.1 Hexes
 + Level 1.7 Ice Magic


You had 2 spell levels left.
You knew the following spells:

 Your Spells              Type           Power        Failure   Level  Hunger
a - Corona                Hex            ###....      1%          1    None
b - Ensorcelled Hibernat  Hex/Ice        ###...       8%          2    #......
c - Confuse               Hex            ###.....     6%          3    ##.....
d - Tukima's Dance        Hex            ###.....     6%          3    ##.....
e - Dazzling Spray        Conj/Hex       ##......     14%         3    ##.....


Dungeon Overview and Level Annotations

Branches:
Dungeon (1/1)

Altars:


Innate Abilities, Weirdness & Mutations

You are tiny and cannot use many weapons and most armour.
You have supernaturally acute eyesight.
You are a herbivore.
You cover ground extremely quickly.
You need consume almost no food.
You have large cloven feet.
Your system is resistant to poisons.


Message History

Aiming: Corona
Press: ? - help, Shift-Dir - straight line, f - shadow
Aim: a shadow (chance to defeat MR: 42%)
The shadow resists with significant effort.
You hit the shadow but do no damage. The shadow misses you.
The shadow hits you.
Casting: Corona
Confirm with . or Enter, or press ? or * to list all spells.
Aiming: Corona
Press: ? - help, Shift-Dir - straight line, f/p - shadow
Aim: a shadow (chance to defeat MR: 42%)
The shadow is outlined in light.
You barely miss the shadow. You kick the shadow, but do no damage.
The shadow hits you.
You hit the shadow but do no damage. The shadow completely misses you.
You hit the shadow.
The shadow is lightly damaged.
The shadow hits you!
Ouch! That really hurt!
You die...

▓▓▓ ▓▓▓ *** ****** ..♣♣
♣.#***********,*****,*,,*** .♣.♣
♣.#___*__,*__**,*,**∩,,,+,* ...♣
♣♣.#,,,*,,,*,_*,,,,,,,,,**,*
.≈♣♣♣♣..###+#+###+##,,,,,,,,_,*,*
≈≈.♣....#..........#,,,,,,,,***,*
≈≈≈♣....'.⌠.....@W.#,*****,****,+
≈≈≈≈≈♣..#...######'#,**,,,*,,****
≈≈≈≈....#.⌠.#__#W..#+************
≈≈≈.....#...#__#...#,,≈≈≈+,*,+,,,
≈.......#+###__#v..#,*≈≈≈*,*,*,,,
........#,,,*__#..%+,*,,,*,*,*,,,
........#___*_,'...#,*,,,*,,,*,,,
▓▓▓▓▓▓▓▓▓*****▓▓▓▓▓▓*************
≈≈≈≈≈**,,,,,****≈≈≈,,,,,,,,≈≈≈,,,


You could see a shadow.

Vanquished Creatures
  A water elemental (D)
  A jelly (D)
  Jessica (D)
  A human (D)
  A phantom (D)
  3 rats (D)
8 creatures vanquished.

Vanquished Creatures (others)
  2 draconian scorchers (D)
  2 yaktaurs (D)
  2 plants (D)
6 creatures vanquished.

Grand Total: 14 creatures vanquished

Notes
Turn   | Place    | Note
--------------------------------------------------------------
     0 | D        | Kidiri the Spriggan Enchanter began the quest for the Orb.
     0 | D        | Reached XP level 1. HP: 9/9 MP: 5/5
    12 | D        | Noticed Jessica
    15 | D        | Killed Jessica
    15 | D        | Reached skill level 1 in Fighting
    15 | D        | Reached skill level 6 in Stealth
    15 | D        | Reached XP level 2. HP: 12/14 MP: 6/8
    24 | D        | Learned a level 2 spell: Ensorcelled Hibernation
   130 | D        | Reached skill level 5 in Dodging
   130 | D        | Reached XP level 3. HP: 6/18 MP: 6/9
   135 | D        | Learned a level 3 spell: Confuse
   139 | D        | Learned a level 3 spell: Tukima's Dance
   194 | D        | Killed a white draconian scorcher
   195 | D        | Killed a yaktaur
   231 | D        | Killed a white draconian scorcher
   364 | D        | Gained mutation: Your muscles are strong. (Str +2) [potion of mutation]
   364 | D        | Gained mutation: Your system is resistant to poisons. [potion of mutation]
   365 | D        | Gained mutation: You have large cloven feet. [potion of mutation]
   365 | D        | Lost mutation: Your muscles are strong. (Str +2) [potion of mutation]
   473 | D        | Killed a yaktaur
   726 | D        | Noticed a water elemental
   733 | D        | Killed a water elemental
   733 | D        | Reached skill level 7 in Stealth
   733 | D        | Reached skill level 5 in Spellcasting
   733 | D        | Reached skill level 5 in Hexes
   733 | D        | Reached skill level 1 in Ice Magic
   733 | D        | Reached XP level 4. HP: 23/23 MP: 12/12
   836 | D        | Learned a level 3 spell: Dazzling Spray
   907 | D        | Noticed a jelly
   908 | D        | Noticed a shadow
   925 | D        | Killed a jelly
   931 | D        | Noticed a spatial vortex
   944 | D        | Slain by a shadow

Vault maps used:
D:        dungeon_sprint_mu

Action                   |  1- 3 |  4- 6 || total
-------------------------+-------+-------++-------
Melee: Dagger            |    23 |     6 ||    29
 Cast: Corona            |     4 |     2 ||     6
       Ensorcelled Hiber |     1 |     5 ||     6
  Use: Scroll            |     5 |       ||     5
       Potion            |     3 |       ||     3
 Stab: Sleeping          |     5 |     1 ||     6
